cohdb
Replays
Latest Replays
All Replays
Popular Replays
Top Player Replays
Match Explorer
How It Works
Community
CoH3 Stats
Reddit
Sign in to upload your games and track your stats! →
Sign in with Steam
Match 45300827
Unlisted
Match 45300827
Overview
Messages
Build Orders
End
Construct Infanterie Kompanie
Selects Italian Coastal Battlegroup
Selects Coastal Reserves
Coastal Reserve
MG 42 Machine Gun Team
Coastal Reserve
GrW 34 Mortar Team
Selects Artillery Officer
Artillery Officer
Coastal Reserve
Construct Panzergrenadier Kompanie
Coastal Reserve
251 Medium Carrier
Selects Support Bunkers
Coastal Reserve
Coastal Reserve
Selects Rapid Fortifications
Rapid Fortifications
MG 42 Bunker
Selects Bulwark
Pak 40 Anti-tank Gun Team
Coastal Reserve
Rapid Fortifications
Anti-tank Bunker
Pioneer Squad
MG 42 Bunker
Selects Obice da 210/22 Artillery Emplacement
251 Medium Carrier
Coastal Reserve
Coastal Reserve
MG 42 Bunker
Rapid Fortifications
Coastal Reserve
Rapid Fortifications
Anti-tank Bunker
TYI
Manstein
REX000威威
Armbbking
SIR NOOBTON
Minipax
黄色的鸟人
CPU - VERY EASY
0
0
Comments
sign in to comment!
No comments posted yet!